 Dungeon Crawl Stone Soup version 0.20-a0-1008-g0de3dc5 (console) character file.

311 vuev the Chopper (level 6, -12/53 HPs)
             Began as a Minotaur Fighter on Apr 14, 2017.
             Killed by divine providence
             ... invoked by an orc priest
              (15 damage)
             ... on level 4 of the Dungeon.
             The game lasted 00:02:55 (1880 turns).

vuev the Chopper (Minotaur Fighter)                 Turns: 1880, Time: 00:02:56

Health: -12/53     AC:  8    Str: 21    XL:     6   Next: 18%
Magic:  5/5        EV:  8    Int:  5    God:
Gold:   129        SH:  9    Dex: 11    Spells: 5/5 levels left

rFire    . . .     SeeInvis +   a - +0 war axe
rCold    . . .     Gourm    .   c - +0 shield
rNeg     . . .     Faith    .   b - +0 scale mail
rPois    .         Spirit   .   (helmet restricted)
rElec    .         Reflect  .   (no cloak)
rCorr    .         Harm     .   d - +0 pair of gloves
MR       .....                  (no boots)
Stlth    ..........             (no amulet)
Regen    0.2/turn               q - ring of see invisible
MPRegen  0.1/turn               (no ring)

@: no status effects
A: retaliatory headbutt, horns 2
a: no special abilities


You were on level 4 of the Dungeon.
You were not hungry.

You visited 1 branch of the dungeon, and saw 4 of its levels.

You collected 129 gold pieces.

Inventory:

Hand Weapons
 a - a +0 war axe (weapon)
Armour
 b - a +0 scale mail (worn)
 c - a +0 shield (worn)
 d - a +0 pair of gloves (worn)
Jewellery
 q - a ring of see invisible (left hand)
Wands
 o - a wand of lightning (11/15)
 s - a wand of polymorph (18/24)
Scrolls
 e - 2 scrolls of fear {unknown}
 g - 3 scrolls of identify {unknown}
 h - a scroll of immolation {unknown}
 i - a scroll of amnesia {unknown}
 j - a scroll of remove curse {unknown}
 k - 2 scrolls of magic mapping {unknown}
 l - 3 scrolls of recharging {unknown}
 p - a scroll of teleportation {unknown}
Potions
 m - a potion of degeneration {unknown}
 r - 3 potions of mutation {unknown}
Comestibles
 f - 4 bread rations
 n - 8 fruits


   Skills:
 + Level 4.7 Fighting
 + Level 5.8 Axes
 + Level 5.2 Armour
 + Level 1.5 Dodging
 - Level 3.6 Shields


You had 5 spell levels left.
You didn't know any spells.

Dungeon Overview and Level Annotations

Branches:
Dungeon (4/15)
 Temple: D:4-7

Altars:
Fedhas
Gozag
Trog
Uskayaw


Innate Abilities, Weirdness & Mutations

You reflexively headbutt those who attack you in melee.
You have a pair of horns on your head.


Message History

Unknown command.
You completely miss the orc priest. You barely miss the orc wizard.
You barely miss the orc priest. The orc wizard hits you with a dagger.
* * * LOW HITPOINT WARNING * * *
You block the orc priest's attack. x2
You closely miss the orc priest. Your headbutt misses the orc priest.
You closely miss the orc priest. You hit the orc wizard.
You kill the orc wizard!
The orc priest calls down the wrath of Beogh upon you.
Pain shoots through your body!
* * * LOW HITPOINT WARNING * * *
You block the orc priest's attack.
The orc priest hits you but does no damage.
You hit the orc priest.
The orc priest is moderately wounded.
You hit the orc priest.
You kill the orc priest!
The orc priest calls down the wrath of Beogh upon you.
Beogh smites you!
You die...

##### #...#
##...########
.....'......[
##...#############
.....'...........#
##...###########@#
.##### #..)oo...#
.# #........# .#
#........# ##
#[.......#
#........#
#####....#
########### #...+
..........#


You could see 2 orc priests.

Vanquished Creatures
  The ghost of Azzok the Shooter, an amateur CeAM (D:3)
  3 orc priests
  An orc wizard (D:4)
  2 adders (D:3)
  An ooze (D:3)
  4 worms
  A dart slug (D:3)
  A leopard gecko (D:1)
  6 orcs
  A giant cockroach (D:1)
  5 hobgoblins
  2 jackals (D:4)
  8 kobolds
  5 bats
  5 frilled lizards
  3 goblins
  5 rats
54 creatures vanquished.

Notes
Turn   | Place    | Note
-------+----------+-------------------------------------------
     0 | D:1      | vuev the Minotaur Fighter began the quest for the Orb.
     0 | D:1      | Reached XP level 1. HP: 19/19 MP: 0/0
   413 | D:1      | Reached XP level 2. HP: 27/27 MP: 1/1
   612 | D:2      | Found an opulent altar of Gozag.
  1124 | D:3      | Reached XP level 3. HP: 33/33 MP: 2/2
  1139 | D:3      | Found a hide-covered altar of Uskayaw.
  1142 | D:3      | Noticed a hand axe
  1143 | D:3      | Noticed a hand axe
  1290 | D:3      | Noticed Azzok's ghost (amateur CeAM)
  1302 | D:3      | Killed Azzok's ghost
  1302 | D:3      | Reached skill level 5 in Axes
  1302 | D:3      | Reached skill level 1 in Dodging
  1302 | D:3      | Reached XP level 4. HP: 17/41 MP: 3/3
  1302 | D:3      | Reached XP level 5. HP: 20/47 MP: 4/4
  1463 | D:3      | Reached skill level 5 in Armour
  1594 | D:3      | Found a bloodstained altar of Trog.
  1685 | D:3      | Found a blossoming altar of Fedhas.
  1796 | D:4      | Reached XP level 6. HP: 49/53 MP: 5/5
  1880 | D:4      | Killed from afar by an orc priest

Vault maps used:
D:1:      lemuel_arrival_funnel
D:2:      lemuel_round_altar
D:3:      bloody_trog, fedhas_altar_fruit_tree, dancing_weapons_uskayaw,
          first_bread
D:4:      grunt_temple_overflow_diamond, lemuel_round_altar

Skill      XL: |  1  2  3  4  5 |
---------------+----------------+-----
Armour         | 4 5 |  5.2
Fighting       | 4 |  4.7
Axes           | 3 5 |  5.8
Dodging        | 1 |  1.5
Shields        | |  3.6

Action                   |  1- 3 |  4- 6 || total
-------------------------+-------+-------++-------
Melee: War axe           |    78 |    37 ||   115
       Headbutt          |    11 |     8 ||    19
  Use: Potion            |     2 |     2 ||     4
 Stab: Distracted        |     1 |       ||     1
  Eat: Chunk             |     1 |     2 ||     3
Armor: Scale mail        |    31 |    22 ||    53
Dodge: Dodged            |    30 |    22 ||    52
Block: Shield            |    34 |    32 ||    66
